 Dungeon Crawl Stone Soup version 0.26-a0-667-g92642533e4 (webtiles) character file.

Game seed: 7164114804231744301

230 vortex the Magician (level 5, -10/32 HPs)
             Began as a Deep Elf Fire Elementalist on Oct 16, 2020.
             Mangled by a gnoll
             ... wielding a +0 flail
              (13 damage)
             ... on level 4 of the Dungeon.
             The game lasted 00:11:27 (3185 turns).

vortex the Magician (Deep Elf Fire Elementalist)    Turns: 3185, Time: 00:11:28

Health: -10/32     AC:  2    Str: 11    XL:     5   Next: 72%
Magic:  17/22      EV: 13    Int: 21    God:
Gold:   172        SH:  0    Dex: 15    Spells: 7/12 levels left

rFire    . . .     SeeInvis .   f - +1 hand axe (vorpal)
rCold    . . .     Faith    .   (no shield)
rNeg     . . .     Spirit   .   a - +0 robe
rPois    .         Reflect  .   (no helmet)
rElec    .         Harm     .   (no cloak)
rCorr    .         Rampage  .   (no gloves)
MR       .....                  (no boots)
Stlth    +.........             k - amulet of regeneration
HPRegen  0.50/turn              h - +6 ring of strength
MPRegen  0.18/turn              x - ring of magical power

@: mighty, glowing
A: no striking features
a: no special abilities


You were on level 4 of the Dungeon.
You visited 1 branch of the dungeon, and saw 4 of its levels.

You collected 172 gold pieces.

Inventory:

Hand Weapons
 f - a +1 vorpal hand axe (weapon)
Missiles
 b - 6 javelins (quivered)
Armour
 a - a +0 robe (worn)
Jewellery
 h - a +6 ring of strength (left hand)
 k - an amulet of regeneration (around neck)
 w - an uncursed ring of flight
 x - a ring of magical power (right hand)
Scrolls
 d - 2 scrolls of magic mapping {unknown}
 i - 3 scrolls of remove curse {unknown}
 l - a scroll of teleportation {unknown}
 m - 2 scrolls of fear {unknown}
 o - a scroll of enchant armour {unknown}
 r - 4 scrolls of identify {unknown}
 t - 2 scrolls of blinking {unknown}
 u - a scroll of noise {unknown}
Potions
 e - 2 potions of invisibility {unknown}
 g - a potion of flight {unknown}
 j - a potion of mutation {unknown}
 n - 2 potions of might
 p - a potion of brilliance {unknown}
 q - a potion of curing {unknown}
 s - a potion of haste {unknown}
 v - a potion of stabbing {unknown}


   Skills:
 * Level 2.8 Fighting
 - Level 2.4 Dodging
 - Level 2.4 Stealth
 + Level 4.4 Spellcasting
 + Level 2.8 Conjurations
 + Level 4.3 Fire Magic


You had 7 spell levels left.
You knew the following spells:

 Your Spells              Type           Power        Failure   Level
a - Foxfire               Conj/Fire      ###.         2%          1
c - Sticky Flame          Conj/Fire      ###.....     26%         4

Your spell library contained the following spells:

 Spells                   Type           Power        Failure   Level
 Conjure Flame            Conj/Fire      ###.....     8%          3
 Inner Flame              Hex/Fire       ##......     14%         3
 Fireball                 Conj/Fire      ###.......   58%         5


Dungeon Overview and Level Annotations

Branches:
Dungeon (4/15)
 Temple: D:4-7

Altars:
Nemelex Xobeh


Message History

It was a potion of might.
You feel very mighty all of a sudden.
The foxfire hits the gnoll.
The gnoll is heavily wounded.
As you read the scroll labeled AREJIB QAR, it crumbles to dust.
It is a scroll of enchant weapon.
Your +0 vorpal hand axe glows red for a moment.
The gnoll shaman mumbles some strange prayers to its god against you.
You are outlined in light.
The gnoll hits you with a +0 flail. x2
* * * LOW HITPOINT WARNING * * *
You slash the gnoll!
You kill the gnoll!
You hit the gnoll. You hit the gnoll shaman.
The gnoll shaman barely misses you. The gnoll misses you.
The gnoll shaman hits you with a +0 club!
* * * LOW HITPOINT WARNING * * *
You closely miss the gnoll shaman.
The gnoll shaman is almost dead.
You closely miss the gnoll. The gnoll hits you with a +0 flail!
You die...

##### ##...##
##.....##
#..@....############
#.g)g..........(....
#.........|....#####
####.....#######.# #
.........######
#.#####
######........#
#.#.... ##..###..#
#.#.### #..# #..#
#.#.### ##.###..#
#...##.


You could see a gnoll shaman and a gnoll.

Vanquished Creatures
  A phantom (D:4)
  3 gnolls (D:4)
  4 adders
  An ooze (D:3)
  3 worms
  2 dart slugs
  2 leopard geckos (D:1)
  4 orcs (D:3)
  7 bats
  3 giant cockroaches
  5 goblins
  2 hobgoblins
  2 jackals (D:4)
  10 kobolds
  2 quokkas (D:4)
  A ball python (D:1)
  3 frilled lizards
  A leopard gecko skeleton (D:4)
  6 rats
62 creatures vanquished.

Vanquished Creatures (others)
  262 foxfires
262 creatures vanquished.

Grand Total: 324 creatures vanquished

Notes
Turn   | Place    | Note
-------+----------+-------------------------------------------
     0 | D:1      | vortex the Deep Elf Fire Elementalist began the quest for
                  | the Orb.
     0 | D:1      | Reached XP level 1. HP: 10/10 MP: 6/6
   235 | D:1      | Reached XP level 2. HP: 16/16 MP: 2/8
   533 | D:1      | Reached skill level 1 in Fighting
  1070 | D:2      | Reached XP level 3. HP: 20/20 MP: 5/9
  1932 | D:3      | Reached XP level 4. HP: 26/26 MP: 6/11
  2088 | D:3      | Learned a level 4 spell: Sticky Flame
  2126 | D:3      | Found a sparkling altar of Nemelex Xobeh.
  2506 | D:3      | Found a sparkling altar of Nemelex Xobeh.
  2972 | D:4      | Noticed a phantom
  2980 | D:4      | Killed a phantom
  2980 | D:4      | Reached XP level 5. HP: 28/31 MP: 13/13
  3185 | D:4      | Mangled by a gnoll

Illustrated notes

Levels and vault maps discovered:
D:1:      evilmike_arrival_hilbert_curve, layout_rooms
D:2:      layout_loops_ring
D:3:      layout_basic, lemuel_round_altar, minmay_liquid_box,
          nemelex_dance_club_becter
D:4:      layout_loops_ring, columned_hall_lemuel

Skill      XL: |  1  2  3  4 |
---------------+-------------+-----
Fighting       | 1 2 |  2.8
Conjurations   | 2 |  2.8
Fire Magic     | 4 |  4.3
Spellcasting   | 4 |  4.4
Dodging        | |  2.4
Stealth        | |  2.4

Action                   |  1- 3 |  4- 6 || total
-------------------------+-------+-------++-------
Melee: Hand axe          |     2 |     5 ||     7
Throw: Javelin           |     3 |     1 ||     4
 Cast: Foxfire           |    80 |    75 ||   155
  Use: Scroll            |       |     1 ||     1
       Potion            |       |     1 ||     1
 Stab: Sleeping          |       |     2 ||     2
Armor: Robe              |     4 |       ||     4
Dodge: Dodged            |     9 |     8 ||    17

Table legend: (Time is in decaauts)
 A = Elapsed time spent in this place.
 B = Non-inter-level travel time spent in this place.
 C = Inter-level travel time spent in this place.
 D = Time resting spent in this place.
 E = Time spent auto-exploring this place.
 F = Levels seen in this place.
 G = Mean time per level.
                   A        B        C        D        E       F      G
               +--------+--------+--------+--------+--------+-----+--------+
         Total |   3182 |   3108 |     74 |      0 |   2695 |   4 |  795.5 |
       Dungeon |   3182 |   3108 |     74 |      0 |   2695 |   4 |  795.5 |
               +--------+--------+--------+--------+--------+-----+--------+

Top non-repeatable levels by time:
     D:1: 1013 daAuts
     D:2: 874 daAuts
     D:3: 673 daAuts
     D:4: 621 daAuts
